 Dungeon Crawl Stone Soup version 0.31-a0-1074-g0b22e4e0f1 (webtiles) character file.

Game seed: 5604450993515478316

580 monsoonserge the Insei (level 7, -2/43 HPs)
             Began as an Octopode Artificer on Dec 6, 2023.
             Slain by an orc
             ... wielding a +0 short sword
              (5 damage)
             ... on level 5 of the Dungeon.
             The game lasted 00:08:30 (3533 turns).

monsoonserge the Insei (Octopode Artificer)         Turns: 3533, Time: 00:08:31

Health: -2/43      AC:  1    Str: 13    XL:     7   Next: 36%
Magic:  7/7        EV: 13    Int: 13    God:
Gold:   164        SH:  0    Dex: 13    Spells: 6/6 levels left

rFire   . . .        q - +0 morningstar
rCold   . . .        (no shield)
rNeg    . . .        (helmet currently unavailable)
rPois   .            (no amulet)
rElec   .            (no ring)
rCorr   .            (no ring)
SInv    .            (no ring)
Will    .....        (no ring)
Stlth   +++          (no ring)
HPRegen 0.27/turn    (no ring)
MPRegen 0.10/turn    (no ring)
                     (no ring)

%: no passive effects
@: beast-form
A: beast (slay +1), almost no armour, amphibious, 8 rings, camouflage 1,
gelatinous body 1, (nimble swimmer 1), tentacles
a: Begin Untransformation


You were on level 5 of the Dungeon.
You were a hulking beast.
You visited 1 branch of the dungeon, and saw 5 of its levels.

You collected 164 gold pieces.

Inventory:

Hand Weapons
 q - a +0 morningstar (weapon)
 r - a +0 flail
Missiles
 y - 5 poisoned darts (quivered)
Talismans
 u - a beast talisman (active)
Wands
 b - a wand of flame (15)
 c - a wand of charming (15)
 d - a wand of iceblast (5)
Scrolls
 e - 2 scrolls of revelation {unknown}
 f - a scroll of identify {unknown}
 h - a scroll of blinking {unknown}
 j - 4 scrolls of teleportation
 l - a scroll of poison {unknown}
 m - 2 scrolls of immolation {unknown}
 s - a scroll of vulnerability {unknown}
 v - 2 scrolls of fear {unknown}
Potions
 a - a potion of lignification {unknown}
 g - a potion of cancellation {unknown}
 i - 3 potions of curing
 k - a potion of enlightenment {unknown}
 n - a potion of haste {unknown}
 o - a potion of attraction {unknown}
 p - 3 potions of magic {unknown}
 t - 2 potions of might {unknown}
 w - a potion of brilliance {unknown}
 x - a potion of heal wounds {unknown}


   Skills:
 - Level 1.0 Fighting
 - Level 0.5 Long Blades
 - Level 4.0 Maces & Flails
 - Level 3.0 Dodging
 - Level 2.0 Stealth
 * Level 4.1 Unarmed Combat
 - Level 4.0 Evocations
 * Level 2.8 Shapeshifting


You had 6 spell levels left.
You didn't know any spells.
Your spell library contained the following spells:

 Spells                   Type           Power      Damage    Failure   Level
 Magic Dart               Conj           0%         1d3       30%         1
 Sting                    Tmut/Pois      0%         1d3       30%         1
 Poisonous Vapours        Pois/Air       0%         N/A       43%         2
 Searing Ray              Conj           0%         2d4       43%         2
 Ozocubu's Armour         Ice            0%         N/A       67%         3
 Fulminant Prism          Conj/Hex       0%         3d5       97%         4
 Olgreb's Toxic Radiance  Pois           0%         N/A       97%         4
 Metabolic Englaciation   Hex/Ice        0%         N/A       100%        5
 Simulacrum               Ice/Necr       0%         N/A       100%        6


Dungeon Overview and Level Annotations

Branches:
Dungeon (5/15)
 Temple: D:4-7

Altars:
Hepliaklqana
Sif Muna


Innate Abilities, Weirdness & Mutations

You are a hulking beast.
Your limbs bulge with bestial killing power. (Slay +1)
You cannot wear most types of armour.
You are amphibious.
You can wear up to eight rings at the same time.
Your skin changes colour to match your surroundings (Stealth+).
Your rubbery body absorbs attacks. (AC +1, EV +1)
((You are camouflaged when in or above water. (Stealth+)))
You have tentacles for arms and can constrict up to eight enemies at once.


Message History

The orc wizard is heavily wounded.
The orc wizard hits you with a +0 dagger.
The orc closely misses you.
You closely miss the orc wizard. You grab the orc wizard.
The orc wizard is heavily wounded.
You constrict the orc wizard. The orc wizard barely misses you.
The orc hits you with a +0 short sword. The orc hits you but does no damage.
The orc hits you with a +0 short sword.
The orc wizard hits you with a +0 dagger.
The orc priest looks braver for a moment.
You hit the orc wizard.
The orc wizard is almost dead.
You constrict the orc wizard.
You kill the orc wizard!
The orc hits you with a +0 short sword. The orc closely misses you.
You closely miss the orc priest. You grab the orc priest.
You squeeze the orc priest!
The orc priest is severely wounded.
You constrict the orc priest. The orc hits you with a +0 short sword.
The orc priest completely misses you. The orc completely misses you.
You barely miss the orc. Your grab misses the orc.
You constrict the orc priest.
The orc priest hits you with a +0 hand axe.
The orc misses you. The orc closely misses you.
The orc priest looks satisfied for a moment.
The orc closely misses you. The orc barely misses you.
You closely miss the orc. You grab the orc. You squeeze the orc.
The orc is almost dead.
You constrict the orc priest. You constrict the orc.
You kill the orc!
The orc priest hits you with a +0 hand axe!
* * * LOW HITPOINT WARNING * * *
The orc hits you with a +0 short sword.
* * * LOW HITPOINT WARNING * * *
You barely miss the orc. You grab the orc. You squeeze the orc.
The orc is moderately wounded.
You constrict the orc. You constrict the orc priest.
You kill the orc priest!
The orc hits you with a +0 short sword.
You die...

# # .. .# .# #.#####
####<# o###.#...### ....
^........######)#
#.#.#.......oh)####### ..
..>.#...#####).......# ..
#...............####.# ..
....#.#.o.#.#...)..#.# ##
#...#.......#...##.#.#
#...#.#...#.#.[.##.#.#
#..##.#####.#...##.#.####
#..##.# ##.....#....#
####..##.# #####..####.#


You could see an orc.

Vanquished Creatures
  A black bear (D:5)
  An ogre (D:5)
  A scorpion (D:4)
  A howler monkey (D:4)
  A hound (D:5)
  A jelly (D:4)
  2 orc priests
  An iguana (D:4)
  2 orc wizards
  6 adders
  2 worms
  2 dart slugs
  18 orcs
  3 bats
  5 endoplasms
  2 giant cockroaches
  3 goblins
  2 hobgoblins
  8 jackals
  3 quokkas
  4 ball pythons
  2 frilled lizards (D:1)
  4 kobolds
  4 rats
79 creatures vanquished.

Notes
Turn   | Place    | Note
-------+----------+-------------------------------------------
     0 | D:1      | monsoonserge the Octopode Artificer began the quest for the
                  | Orb.
     0 | D:1      | Reached XP level 1. HP: 13/13 MP: 1/1
    78 | D:1      | Reached XP level 2. HP: 18/18 MP: 2/2
   336 | D:1      | Reached skill level 1 in Unarmed Combat
   856 | D:2      | Reached XP level 3. HP: 23/23 MP: 3/3
  1242 | D:3      | Found a faded altar of an unknown god.
  1300 | D:3      | Reached XP level 4. HP: 16/28 MP: 4/4
  1755 | D:3      | Reached skill level 1 in Maces & Flails
  1802 | D:3      | Reached XP level 5. HP: 33/33 MP: 5/5
  1819 | D:3      | Found a shimmering blue altar of Sif Muna.
  2105 | D:4      | Reached skill level 1 in Shapeshifting
  2221 | D:4      | Reached XP level 6. HP: 7/38 MP: 6/6
  2570 | D:4      | Found a hazy altar of Hepliaklqana.
  2972 | D:5      | Entered Level 5 of the Dungeon
  3207 | D:5      | Reached XP level 7. HP: 21/43 MP: 7/7
  3533 | D:5      | Slain by an orc

Illustrated notes

Levels and vault maps discovered:
D:1:      onia_arrival_mini_spirals, layout_loops_ring
D:2:      layout_basic, minmay_unequal
D:3:      layout_rooms, kennysheep_orc_sif_temple, ebering_ecumenical_altar_webs
D:4:      layout_basic, kennysheep_little_box
D:5:      layout_basic, chequers_temple_overflow_minitemple

Skill      XL: |  1  2  3  4  5  6  7 |
---------------+----------------------+-----
Unarmed Combat | 1 2 3 4 |  4.1
Stealth        | 2 |  2.0
Evocations     | 4 |  4.0
Dodging        | 3 |  3.0
Maces & Flails | 1 2 3 4 |  4.0
Shapeshifting  | 1 2 |  2.8
Fighting       | |  1.0
Long Blades    | |  0.5

Action                     |  1- 3 |  4- 6 |  7- 9 || total
---------------------------+-------+-------+-------++-------
  Melee: Club              |    19 |       |       ||    19
         Constrict         |    13 |    24 |     7 ||    44
         Tentacles         |    13 |    18 |     5 ||    36
         Long sword        |    27 |       |       ||    27
         Punch             |     2 |     1 |       ||     3
         Flail             |    11 |    62 |       ||    73
         Morningstar       |       |    36 |    23 ||    59
    Use: Potion            |       |     1 |       ||     1
         Scroll            |       |     1 |       ||     1
   Stab: Sleeping          |    12 |     6 |       ||    18
         Distracted        |       |     1 |       ||     1
 Armour: Skin              |    16 |    46 |    24 ||    86
  Dodge: Dodged            |    38 |    74 |    26 ||   138
   Form: Beast             |     1 |       |       ||     1

Table legend: (Time is in decaauts)
 A = Elapsed time spent in this place.
 B = Non-inter-level travel time spent in this place.
 C = Inter-level travel time spent in this place.
 D = Time resting spent in this place.
 E = Time spent auto-exploring this place.
 F = Levels seen in this place.
 G = Mean time per level.
                   A        B        C        D        E       F      G
               +--------+--------+--------+--------+--------+-----+--------+
         Total |   3593 |   3281 |    312 |    624 |   1702 |   5 |  718.6 |
       Dungeon |   3593 |   3281 |    312 |    624 |   1702 |   5 |  718.6 |
               +--------+--------+--------+--------+--------+-----+--------+

Top non-repeatable levels by time:
     D:3: 895 daAuts
     D:4: 888 daAuts
     D:1: 689 daAuts
     D:2: 595 daAuts
     D:5: 525 daAuts
